 Dungeon Crawl Stone Soup version 0.29.0-4-gdea44cf6ec (webtiles) character file.

Game seed: 6384599618171155742

146 qw the Shield-Bearer (level 5, -3/32 HPs)
             Began as a Gargoyle Fighter on Sept 9, 2022.
             Slain by Edmund
             ... wielding a +1 dire flail of protection
              (9 damage)
             ... on level 4 of the Dungeon.
             The game lasted 00:01:24 (2954 turns).

qw the Shield-Bearer (Gargoyle Fighter)             Turns: 2954, Time: 00:01:25

Health: -3/32      AC: 15    Str: 21    XL:     5   Next: 28%
Magic:  5/5        EV:  6    Int:  9    God:
Gold:   170        SH:  8    Dex:  9    Spells: 4/4 levels left

rFire   . . .      SeeInvis .   Y - +0 war axe (flame)
rCold   + + .      Faith    .   g - +0 kite shield
rNeg    + . .      Spirit   .   l - +0 chain mail
rPois   inf        Reflect  .   (no helmet)
rElec   +          Harm     .   (no cloak)
rCorr   +          Rampage  .   (no gloves)
Will    .....                   (no boots)
Stlth   ..........              (no amulet)
HPRegen 0.10/turn               e - ring of resist corrosion
MPRegen 0.09/turn               (no ring)

@: about to teleport
A: sickness immunity, AC +4, negative energy resistance 1, electricity
resistance, torment resistance 1, petrification resistance, iridescent scales 1,
cold resistance 2
a: no special abilities


You were on level 4 of the Dungeon.
You visited 1 branch of the dungeon, and saw 4 of its levels.

You collected 170 gold pieces.


Innate Abilities, Weirdness & Mutations

You are immune to sickness and miasma.
Your stone body is resilient. (AC +4)
You are immune to poison.
You resist negative energy. (rN+)
You are resistant to electric shocks. (rElec)
You are resistant to unholy torment.
You are immune to petrification.
You are partially covered in iridescent scales. (AC +2)
Your flesh is very cold resistant. (rC++)


   Skills:
 - Level 3.2 Fighting
 - Level 4.0 Axes
 - Level 3.2 Armour
 + Level 4.6 Shields


You had 4 spell levels left.
You didn't know any spells.
Your spell library was empty.

Inventory:

Hand Weapons
 Y - a +0 war axe of flaming (weapon)
Armour
 b - the +0 pair of boots of the Puckish Tick {*Slow Str-3 Int+8}
   (You found it on level 4 of the Dungeon)

   Str:       It affects your strength (-3).
   Int:       It affects your intelligence (+8).
   *Slow:     It may slow you when you take damage.
 g - a +0 kite shield (worn)
 l - a +0 chain mail (worn)
Jewellery
 e - a ring of resist corrosion (left hand)
 k - a ring of resist corrosion
Scrolls
 c - a scroll of teleportation
 h - 7 scrolls of identify
Potions
 a - a potion of degeneration {unknown}
 d - a potion of might
 j - a potion of mutation

Dungeon Overview and Level Annotations

Branches:
Dungeon (4/15)
 Temple: D:4-7

Altars:
Dithmenos
Nemelex Xobeh
Uskayaw

Shops:
D:4 (

Annotations:
D:4 Edmund


Message History

You hit Edmund but do no damage. Edmund hits you but does no damage.
Edmund barely misses you.
You closely miss Edmund.
Edmund hits you with a +1 dire flail of protection.
You closely miss Edmund.
Edmund hits you with a +1 dire flail of protection.
Edmund barely misses you.
You barely miss Edmund. Edmund barely misses you.
You hit Edmund but do no damage. You block Edmund's attack. x2
You slash Edmund! You burn Edmund.
Edmund is moderately wounded.
Edmund hits you but does no damage.
You barely miss Edmund.
Edmund is moderately wounded.
Edmund closely misses you. Edmund hits you but does no damage.
You hit Edmund but do no damage.
Edmund is moderately wounded.
You block Edmund's attack.
You hit Edmund. You burn Edmund.
Edmund is moderately wounded.
Edmund closely misses you.
You barely miss Edmund.
Edmund is moderately wounded.
Edmund closely misses you.
Edmund hits you with a +1 dire flail of protection.
You closely miss Edmund.
Edmund is moderately wounded.
Edmund hits you with a +1 dire flail of protection.
You hit Edmund but do no damage.
Edmund is moderately wounded.
Edmund hits you with a +1 dire flail of protection.
Edmund looks rather jealous.
Edmund barely misses you.
2954 ||| READING 2 scrolls of teleportation.
As you read the scroll of teleportation, it crumbles to dust.
You feel strangely unstable.
Edmund hits you with a +1 dire flail of protection!
You die...

. #### ##. .... #..
#### #.# #.# #.
#.###.###.# ..
#.....@...# . #@# .##
#.# #####.# #.##
#...#.# #..##
#.\.#.#########...####
#...#................+
#.>.#.###.####....####
.#...#.# #.# #.#.##
.#####.# #.# #.....


You could see Edmund.

Vanquished Creatures
  A jelly (D:4)
  4 adders
  A worm (D:2)
  A dart slug (D:1)
  5 orcs (D:3)
  6 ball pythons
  8 endoplasms
  4 giant cockroaches
  3 goblins
  4 hobgoblins
  3 jackals (D:4)
  7 kobolds
  5 quokkas
  4 bats
  4 frilled lizards
  6 rats
66 creatures vanquished.

Vanquished Creatures (others)
  21 plants (D:2)
21 creatures vanquished.

Grand Total: 87 creatures vanquished

Notes
Turn   | Place    | Note
-------+----------+-------------------------------------------
     0 | D:1      | qw the Gargoyle Fighter began the quest for the Orb.
     0 | D:1      | Reached XP level 1. HP: 14/14 MP: 1/1
     0 | D:1      | 0 ||| qw: Version: 0.1-a-113-g051387a
     0 | D:1      | 0 ||| qw: Game counter: 7100
     0 | D:1      | 0 ||| qw: Always use a shield: true
     0 | D:1      | 0 ||| qw: God list: Okawaru
     0 | D:1      | 0 ||| qw: Allow faded altars: false
     0 | D:1      | 0 ||| qw: Do Orc after D:15 true
     0 | D:1      | 0 ||| qw: Do second Lair branch before Depths: true
     0 | D:1      | 0 ||| qw: Lair rune preference: random
     0 | D:1      | 0 ||| qw: Plans: Normal, Zot, God:TSO, Crypt, Tomb, Zig,
                  | Orb
     0 | D:1      | 0 ||| PLANNING D:1-11
   146 | D:1      | Reached XP level 2. HP: 17/19 MP: 2/2
   642 | D:1      | 642 ||| UPGRADING to +0 kite shield.
   652 | D:1      | 652 ||| DROPPING +0 buckler.
   653 | D:1      | 653 ||| READING scroll labelled MYRGHI AHIO.
   656 | D:1      | 656 ||| READING 2 scrolls labelled OXUINO EDWUSH.
   657 | D:1      | 657 ||| READING scroll labelled EHYNAE LUHEPLO.
   658 | D:1      | 658 ||| READING scroll labelled ACSUFIFRIB.
   759 | D:1      | 759 ||| DRINKING 2 bubbling inky potions.
   760 | D:1      | 760 ||| DRINKING 2 bubbling blue potions.
   760 | D:1      | Gained mutation: Your flesh is cold resistant. (rC+)
                  | [potion of mutation]
   760 | D:1      | Gained mutation: You have hidden genetic potential. [potion
                  | of mutation]
   761 | D:1      | 761 ||| DROPPING potion of magic.
   802 | D:2      | Reached skill level 3 in Axes
   870 | D:2      | Reached XP level 3. HP: 22/23 MP: 3/3
  1325 | D:2      | Gained mutation: You are partially covered in iridescent
                  | scales. (AC +2) [hidden potential]
  1687 | D:2      | 1687 ||| READING scroll labelled OMESUR ZAERIAM.
  1688 | D:2      | 1688 ||| READING scroll labelled PIMATE FAOHA.
  1689 | D:2      | 1689 ||| READING 4 scrolls of identify.
  1689 | D:2      | 1689 ||| IDENTIFYING ruby potion
  1690 | D:2      | 1690 ||| DROPPING potion of flight.
  1731 | D:3      | Reached XP level 4. HP: 24/28 MP: 4/4
  1731 | D:3      | 1731 ||| STAIRDANCE
  1840 | D:3      | Found a faded altar of an unknown god.
  1901 | D:3      | Gained mutation: Your flesh is very cold resistant. (rC++)
                  | [hidden potential]
  1901 | D:3      | Lost mutation: You have hidden genetic potential. [hidden
                  | potential expressed]
  1941 | D:3      | 1941 ||| Stepping ~*~*~tactically~*~*~ (stealth).
  2179 | D:3      | 2179 ||| DROPPING +0 whip of flaming.
  2395 | D:3      | Found a sparkling altar of Nemelex Xobeh.
  2395 | D:3      | Found a faded altar of an unknown god.
  2403 | D:3      | Found a faded altar of an unknown god.
  2405 | D:3      | Found a shadowy altar of Dithmenos.
  2407 | D:3      | Found a hide-covered altar of Uskayaw.
  2415 | D:3      | 2415 ||| UPGRADING to +0 chain mail.
  2425 | D:3      | 2425 ||| DROPPING +0 scale mail.
  2426 | D:3      | 2426 ||| UPGRADING to ring of resist corrosion.
  2427 | D:3      | 2427 ||| READING scroll labelled SUVEEX QOUSYAST.
  2428 | D:3      | 2428 ||| DROPPING +0 flail.
  2429 | D:3      | 2429 ||| READING scroll labelled GOVAME UVIU.
  2640 | D:4      | Reached XP level 5. HP: 30/32 MP: 5/5
  2891 | D:4      | Identified the +0 pair of boots of the Puckish Tick {*Slow
                  | Str-3 Int+8}
  2912 | D:4      | Found Dube's Weapon Shoppe.
  2934 | D:4      | Noticed Edmund
  2953 | D:4      | HP: 6/32 [Edmund/+1 dire flail of protection (4)]
  2954 | D:4      | 2954 ||| READING 2 scrolls of teleportation.
  2954 | D:4      | Slain by Edmund

Levels and vault maps discovered:
D:1:      tarquinn_simple_flora_water_c, layout_rooms
D:2:      layout_basic, serial_bayou_lake_a
D:3:      layout_rooms, chequers_temple_overflow_minitemple,
          hellmonk_ecumenical_altar_arch_garden
D:4:      layout_loops_corners, serial_shops, nicolae_take_the_stairs,
          uniq_edmund, uniq_sigmund, uniq_crazy_yiuf_cottage

Skill      XL: |  1  2  3  4 |
---------------+-------------+-----
Axes           | 2 3 4 |  4.0
Shields        | 4 |  4.6
Fighting       | |  3.2
Armour         | |  3.2

Action                   |  1- 3 |  4- 6 || total
-------------------------+-------+-------++-------
Melee: War axe           |   128 |    85 ||   213
Throw: Boomerang         |       |     5 ||     5
  Use: Scroll            |     7 |     3 ||    10
       Potion            |     2 |       ||     2
Armor: Scale mail        |    65 |    24 ||    89
       Chain mail        |       |    12 ||    12
Dodge: Dodged            |    45 |    31 ||    76
Block: Buckler           |    11 |       ||    11
       Kite shield       |    37 |    25 ||    62

Table legend:
 A = Non-vault XP
 B = Vault XP
 C = Vault XP percentage of total XP
 D = Non-vault monster count
 E = Vault monster count
 F = Vault count percentage of total count
                 A         B        C        D         E       F
            +---------+---------+-------+---------+---------+-------
      Total |     209 |       0 |   0.0 |      66 |       0 |   0.0
            +---------+---------+-------+---------+---------+-------
        D:1 |      29 |       0 |   0.0 |      17 |       0 |   0.0
        D:2 |      43 |       0 |   0.0 |      18 |       0 |   0.0
        D:3 |      78 |       0 |   0.0 |      22 |       0 |   0.0
        D:4 |      59 |       0 |   0.0 |       9 |       0 |   0.0
            +---------+---------+-------+---------+---------+-------
